 Dungeon Crawl Stone Soup version 0.30-a0-723-gc1506a1cf0 (webtiles) character file.

Game seed: 17068620021654042844

53 jimonade the Cutter (level 3, -3/18 HPs)
             Began as a Vine Stalker Gladiator on Jan 29, 2023.
             Slain by a gnoll
             ... wielding a +0 spear
              (4 damage)
             ... on level 1 of the Dungeon.
             The game lasted 00:02:53 (1775 turns).

jimonade the Cutter (Vine Stalker Gladiator)        Turns: 1775, Time: 00:02:54

Health: -3/18      AC:  6    Str: 16    XL:     3   Next: 87%
Magic:  0/4        EV: 11    Int:  8    God:
Gold:   55         SH:  0    Dex: 17    Spells: 2/2 levels left

rFire   . . .      SeeInvis .    a - +0 rapier
rCold   . . .      Faith    .    (no shield)
rNeg    . . .      Spirit   +    h - +0 ring mail
rPois   .          Reflect  .    c - +0 helmet
rElec   .          Harm     .    (no cloak)
rCorr   .          Rampage  .    (no gloves)
Will    .....                    (no boots)
Stlth   +                        (no amulet)
HPRegen 0.23/turn                (no ring)
MPRegen 0.09/turn                (no ring)

@: no status effects
A: fangs 2, magic shield, antimagic bite, no potion heal 2
a: no special abilities


You were on level 1 of the Dungeon.
You visited 1 branch of the dungeon, and saw 2 of its levels.

You collected 55 gold pieces.

Inventory:

Hand Weapons
 a - a +0 rapier (weapon)
 i - a +1 falchion of holy wrath
Missiles
 d - 3 throwing nets (quivered)
 e - a javelin
Armour
 b - a +0 leather armour
 c - a +0 helmet (worn)
 g - a +0 leather armour
 h - a +0 ring mail (worn)
Wands
 o - a wand of flame (24)
Scrolls
 f - a scroll of enchant armour {unknown}
 j - a scroll of teleportation {unknown}
 k - a scroll of butterflies {unknown}
 m - a scroll of poison {unknown}
 p - a scroll of blinking {unknown}
Potions
 l - a potion of curing {unknown}
 n - a potion of attraction {unknown}
 q - a potion of lignification {unknown}


   Skills:
 - Level 1.7 Fighting
 + Level 4.2 Short Blades
 - Level 1.7 Throwing
 - Level 2.4 Dodging


You had 2 spell levels left.
You didn't know any spells.
Your spell library was empty.

Dungeon Overview and Level Annotations

Branches:
Dungeon (2/15)

Altars:
Wu Jian

Annotations:
D:1 exclusion: downstairs


Innate Abilities, Weirdness & Mutations

You have extremely sharp teeth.
When hurt, damage is shared between your health and your magic reserves.
Your bite disrupts and absorbs the magic of your enemies.
Potions cannot restore your health.


Message History

You puncture the gnoll!
The gnoll is severely wounded.
The gnoll barely misses you.
You hit the gnoll.
You kill the gnoll!
Things that are here:
a +0 spear; a gnoll corpse
Things that are here:
a +0 spear; a gnoll corpse
There is a stone staircase leading up here.
You start resting.
Magic restored.
You start resting.
HP restored.
You start waiting.
A gnoll is nearby!
A gnoll is nearby!
The gnoll shouts!
There is a stone staircase leading up here.
The gnoll shouts!
The gnoll hits you with a +0 spear!
There is a stone staircase leading up here.
The gnoll barely misses you.
You climb upwards.
Level annotation: exclusion: downstairs
There is a stone staircase leading down here.
You hit the gnoll but do no damage. The gnoll hits you with a +0 spear.
You closely miss the gnoll. The gnoll hits you with a +0 spear.
You hit the gnoll.
The gnoll is lightly wounded.
The gnoll hits you with a +0 spear.
* * * LOW HITPOINT WARNING * * *
You closely miss the gnoll. You bite the gnoll, but do no damage.
The gnoll is lightly wounded.
The gnoll hits you with a +0 spear.
* * * LOW HITPOINT WARNING * * *
You closely miss the gnoll.
The gnoll is lightly wounded.
The gnoll hits you with a +0 spear.
You die...

##..#####.# #...# #.# ....# ###
#.#†## #.# ...## #....# #.# ####
##.### #.#
###############################.#
................................#
##.########.......####....#######
#.# #.....#.#.g####.##.### #.#
#.##....#@#.....##...#
##.#####.#########.########.#
##.....#.###.......# #.#
######.#.....##############.#
######.#######..)...........#
.......# #.##.#.#########
######.# #.##...# # #.# #.######
##############.#


You could see a gnoll.

Vanquished Creatures
  A gnoll (D:2)
  An adder (D:1)
  A worm (D:2)
  A dart slug (D:1)
  6 endoplasms
  3 giant cockroaches
  4 hobgoblins (D:1)
  2 kobolds (D:1)
  A quokka (D:2)
  2 ball pythons (D:1)
  A bat (D:1)
  2 frilled lizards (D:1)
  A goblin (D:1)
  2 rats (D:1)
28 creatures vanquished.

Notes
Turn   | Place    | Note
-------+----------+-------------------------------------------
     0 | D:1      | jimonade the Vine Stalker Gladiator began the quest for the
                  | Orb.
     0 | D:1      | Reached XP level 1. HP: 11/11 MP: 2/2
   112 | D:1      | Reached skill level 3 in Short Blades
   181 | D:1      | Reached XP level 2. HP: 15/15 MP: 3/3
   671 | D:1      | Reached XP level 3. HP: 18/18 MP: 4/4
  1276 | D:2      | Reached skill level 4 in Short Blades
  1611 | D:2      | Found an ornate altar of the Wu Jian Council.
  1775 | D:1      | Slain by a gnoll

Illustrated notes

Levels and vault maps discovered:
D:1:      dpeg_cavernosity, layout_basic
D:2:      layout_basic, basic_altar, uniq_jessica

Skill      XL: |  1  2  3 |
---------------+----------+-----
Short Blades   | 3 4 |  4.2
Fighting       | |  1.7
Throwing       | |  1.7
Dodging        | |  2.4

Action                     || total
---------------------------++-------
  Melee: Rapier            ||    88
         Bite              ||    24
         Punch             ||     3
 Armour: Leather armour    ||     6
         Ring mail         ||    17
  Dodge: Dodged            ||    47

Table legend: (Time is in decaauts)
 A = Elapsed time spent in this place.
 B = Non-inter-level travel time spent in this place.
 C = Inter-level travel time spent in this place.
 D = Time resting spent in this place.
 E = Time spent auto-exploring this place.
 F = Levels seen in this place.
 G = Mean time per level.
                   A        B        C        D        E       F      G
               +--------+--------+--------+--------+--------+-----+--------+
         Total |   1780 |   1649 |    131 |    327 |    918 |   2 |  890.0 |
       Dungeon |   1780 |   1649 |    131 |    327 |    918 |   2 |  890.0 |
               +--------+--------+--------+--------+--------+-----+--------+

Top non-repeatable levels by time:
     D:1: 1252 daAuts
     D:2: 528 daAuts
